 Dungeon Crawl Stone Soup version 0.30-a0-1103-g25895a7845 (webtiles) character file.

Game seed: 17328368740658642079

420 microfolk the Slasher (level 6, -1/51 HPs)
             Began as a Demigod Wanderer on Apr 18, 2023.
             Slain by a gnoll
             ... wielding a +0 spear
              (6 damage)
             ... on level 5 of the Dungeon.
             The game lasted 00:10:33 (3194 turns).

microfolk the Slasher (Demigod Wanderer)            Turns: 3194, Time: 00:10:34

Health: -1/51      AC:  7    Str: 14    XL:     6   Next: 35%
Magic:  11/11      EV: 11    Int: 19    God:
Gold:   170        SH:  0    Dex: 15    Spells: 5/8 levels left

rFire   . . .      SeeInvis .    a - +2 falchion
rCold   . . .      Faith    .    (no shield)
rNeg    . . .      Spirit   .    i - +0 troll leather armour
rPois   .          Reflect  .    u - +1 helmet
rElec   .          Rampage  .    (no cloak)
rCorr   .                        l - +0 pair of gloves
Will    .....                    (no boots)
Stlth   +                        (no amulet)
HPRegen 1.08/turn                (no ring)
MPRegen 0.12/turn                (no ring)

@: mighty
A: high MP 1, forlorn, divine attributes
a: no special abilities


You were on level 5 of the Dungeon.
You visited 1 branch of the dungeon, and saw 5 of its levels.

You collected 170 gold pieces.

Inventory:

Hand Weapons
 a - a +2 falchion (weapon)
Missiles
 f - 44 stones
Armour
 b - a +0 buckler
 d - a +0 leather armour
 e - a +0 chain mail
 g - a +0 ring mail
 i - a +0 troll leather armour (worn)
 l - a +0 pair of gloves (worn)
 u - a +1 helmet (worn)
Jewellery
 j - a ring of positive energy
 o - a ring of willpower
Scrolls
 c - 4 scrolls of fog
 k - 2 scrolls of teleportation {unknown}
 p - 4 scrolls of poison {unknown}
 x - a scroll of silence {unknown}
 y - a scroll of butterflies {unknown}
Potions
 h - 3 potions of cancellation
 n - 4 potions of invisibility
 q - a potion of mutation
 r - a potion of resistance
 s - a potion of attraction
 t - a potion of brilliance {unknown}
 v - a potion of heal wounds {unknown}
 w - a potion of magic {unknown}
 z - a potion of curing {unknown}


   Skills:
 + Level 3.0 Fighting
 + Level 3.6 Long Blades
 - Level 1.0 Throwing
 - Level 1.0 Armour
 - Level 1.0 Dodging
 + Level 3.2 Shields
 - Level 1.7 Spellcasting
 * Level 2.2 Translocations
 - Level 2.0 Earth Magic


You had 5 spell levels left.
You knew the following spells:

 Your Spells              Type           Power      Damage    Failure   Level
a - Sandblast             Erth           18%        2d7       10%         1
b - Blink                 Tloc           20%        N/A       13%         2

Your spell library contained the following spells:

 Spells                   Type           Power      Damage    Failure   Level
 Lesser Beckoning         Tloc           20%        N/A       13%         2
 Momentum Strike          Conj/Tloc      10%        3d8       21%         2
 Summon Small Mammal      Summ           4%         N/A       22%         1
 Stone Arrow              Conj/Erth      10%        3d7       38%         3
 Call Canine Familiar     Summ           1%         N/A       54%         3
 Summon Guardian Golem    Hex/Summ       1%         N/A       54%         3


Dungeon Overview and Level Annotations

Branches:
Dungeon (5/15)             Temple (0/1) D:4

Annotations:
D:3 1 transporter, sastreii's ghost, amateur GnRe
D:4 exclusion: downstairs


Innate Abilities, Weirdness & Mutations

You have an increased reservoir of magic. (+10% MP)
You shall have no god before yourself.
Your divine heritage dramatically boosts your attributes as you level up.


Message History

* * * LOW HITPOINT WARNING * * *
You slash the iguana!
You kill the iguana!
The gnoll hits you from afar with a +0 spear.
* * * LOW HITPOINT WARNING * * *
The gnoll hits you with a +0 club.
* * * LOW HITPOINT WARNING * * *
Your Fighting skill increases to level 3!
The gnoll throws a throwing net.
The throwing net hits you.
You become entangled in the net!
You see here a throwing net.
You tear a large gash into the net.
The gnoll hits you but does no damage.
The gnoll hits you from afar with a +0 spear.
* * * LOW HITPOINT WARNING * * *
You struggle against the net.
The gnoll hits you but does no damage. The gnoll closely misses you.
The gnoll barely misses you.
You rip the net and break free!
The gnoll barely misses you. The gnoll closely misses you.
The gnoll hits you with a +0 club!
* * * LOW HITPOINT WARNING * * *
The gnoll hits you but does no damage.
You hit the gnoll.
The gnoll is lightly wounded.
The gnoll hits you from afar with a +0 spear.
* * * LOW HITPOINT WARNING * * *
The gnoll barely misses you. The gnoll hits you with a +0 club.
* * * LOW HITPOINT WARNING * * *
The gnoll hits you from afar with a +0 spear.
* * * LOW HITPOINT WARNING * * *
You slash the gnoll!
You kill the gnoll!
The gnoll barely misses you. The gnoll closely misses you.
The gnoll hits you from afar with a +0 spear.
* * * LOW HITPOINT WARNING * * *
As you read the scroll of fog, it crumbles to dust.
The scroll dissolves into smoke.
The gnoll barely misses you.
The gnoll hits you from afar with a +0 spear.
* * * LOW HITPOINT WARNING * * *
The gnoll hits you but does no damage. The gnoll hits you with a +0 spear.
You die...

.### .# ..<## #.# #.
.†..## #.######.#
.....###.#...)...
.............##.#
.............##.####
.............##....# .
...#....#....§.....# ...
#....#........§§@g.#....
.....##.......§§§§.S....
...#..###.....§g§.......
.#$##..##......§§g.##...
##.###..#...............
#...##.................
####..##................
.####..#...........#....
..##.............###....


You could see a water moccasin and 3 gnolls.

Vanquished Creatures
  A black bear (D:5)
  A hound (D:4)
  2 jellies
  2 iguanas
  Jessica (D:3)
  4 gnolls (D:5)
  7 adders
  A white imp (D:5)
  A dart slug (D:1)
  3 orcs
  4 endoplasms
  A giant cockroach (D:2)
  3 hobgoblins
  A jackal (D:3)
  2 kobolds
  2 quokkas (D:3)
  5 ball pythons
  6 bats
  A frilled lizard (D:3)
  6 goblins
  3 rats
57 creatures vanquished.

Notes
Turn   | Place    | Note
-------+----------+-------------------------------------------
     0 | D:1      | microfolk the Demigod Wanderer began the quest for the Orb.
     0 | D:1      | microfolk set off with the following items: a +2 falchion,
                  | a +0 buckler, a scroll of fog, a +0 leather armour; and the
                  | following spell memorised: Sandblast; and the following
                  | spells available to memorise: Stone Arrow.
     0 | D:1      | Reached XP level 1. HP: 14/14 MP: 5/5
   644 | D:1      | Reached XP level 2. HP: 22/22 MP: 7/7
  1201 | D:2      | Reached skill level 1 in Fighting
  1360 | D:2      | Reached XP level 3. HP: 28/28 MP: 8/8
  1894 | D:3      | Noticed Jessica
  1901 | D:3      | Killed Jessica
  1902 | D:3      | Reached XP level 4. HP: 28/36 MP: 9/9
  2008 | D:3      | Found a transporter.
  2009 | D:3      | Noticed sastreii's ghost (amateur GnRe)
  2009 | D:3      | Noticed an ogre
  2009 | D:3      | Noticed an ogre
  2012 | D:3      | Noticed an ogre
  2508 | D:4      | Reached XP level 5. HP: 36/42 MP: 10/10
  2528 | D:4      | Found a staircase to the Ecumenical Temple.
  2583 | D:4      | Learned a level 2 spell: Blink
  2884 | D:5      | Entered Level 5 of the Dungeon
  2884 | D:5      | Noticed a black bear
  2995 | D:5      | Noticed a water moccasin
  3068 | D:5      | Reached skill level 1 in Translocations
  3148 | D:5      | Killed a black bear
  3149 | D:5      | Reached XP level 6. HP: 48/50 MP: 11/11
  3194 | D:5      | Slain by a gnoll

Illustrated notes

Levels and vault maps discovered:
D:1:      lemuel_arrival_hallway, layout_loops_corners
D:2:      layout_basic, ebering_ecumenical_altar_hall, minmay_misc_feat_rugged
D:3:      layout_basic, gammafunk_ghost_smash, serial_corexii_hall,
          corexii_hall_statues_x, corexii_hall_statues_x, skrybe_limestone_x,
          kennysheep_generic_room_3, uniq_jessica
D:4:      layout_rooms, minmay_temple_entry_slanted
D:5:      layout_rooms, uniq_menkaure

Skill      XL: |  1  2  3  4  5  6 |
---------------+-------------------+-----
Long Blades    | 2 3 |  3.6
Earth Magic    | 2 |  2.0
Fighting       | 1 2 3 |  3.0
Shields        | 2 3 |  3.2
Translocations | 1 2 |  2.2
Throwing       | |  1.0
Armour         | |  1.0
Dodging        | |  1.0
Spellcasting   | |  1.7

Action                     |  1- 3 |  4- 6 || total
---------------------------+-------+-------++-------
  Melee: Falchion          |    85 |    80 ||   165
         Punch             |       |     1 ||     1
   Cast: Sandblast         |     1 |       ||     1
    Use: Scroll            |       |     7 ||     7
         Potion            |       |     1 ||     1
   Stab: Sleeping          |     1 |     2 ||     3
 Armour: Troll leather arm |    44 |    40 ||    84
         Ring mail         |     3 |       ||     3
  Dodge: Dodged            |    51 |    58 ||   109

Table legend: (Time is in decaauts)
 A = Elapsed time spent in this place.
 B = Non-inter-level travel time spent in this place.
 C = Inter-level travel time spent in this place.
 D = Time resting spent in this place.
 E = Time spent auto-exploring this place.
 F = Levels seen in this place.
 G = Mean time per level.
                   A        B        C        D        E       F      G
               +--------+--------+--------+--------+--------+-----+--------+
         Total |   3226 |   2950 |    276 |     29 |   2251 |   5 |  645.2 |
       Dungeon |   3226 |   2950 |    276 |     29 |   2251 |   5 |  645.2 |
               +--------+--------+--------+--------+--------+-----+--------+

Top non-repeatable levels by time:
     D:1: 1073 daAuts
     D:2: 684 daAuts
     D:3: 673 daAuts
     D:4: 579 daAuts
     D:5: 215 daAuts
